[Event "Team 45 45 League T85"]
[Site "Internet Chess Club"]
[Date "2020.07.04"]
[Round "1"]
[White "primerpaso"]
[Black "TwoEqualsOne"]
[Result "1-0"]
[WhiteElo "1830"]
[BlackElo "1692"]
[Opening "English opening"]
[ECO "A16"]
[Time "17:05:27"]
[TimeControl "2700+45"]

1. c4 Nf6 2. Nc3 g6 3. g3 Bg7 4. Bg2 O-O 5. e4 d6 6. Nge2 e5 7. O-O Nc6 8. d3 h6
9. f4 exf4 10. Bxf4 Ne5 11. h3 Be6 12. Qd2 Kh7 13. b3 c5 14. Rae1 a6 15. Be3 Qd7
16. Kh2 Nc6 17. Nd5 Bxd5 18. exd5 Ne5 19. d4 cxd4 20. Bxd4 Ng8 21. Nf4 Rae8 22.
Re2 Ne7 23. Ref2 Nf5 24. Bc3 Ne3 25. Re1 Nxg2 26. Kxg2 Re7 27. Ref1 h5 28. Ne6
Rg8 29. Ng5+ Kh8 30. Bxe5 dxe5 31. Nxf7+ Kh7 32. Ng5+ Kh8 33. Ne6 Kh7 34. Qg5 e4
35. Qe3 Rxe6 36. dxe6 Qxe6 37. Rf7 Rd8 38. Qc3 Rg8 39. R1f6 Qe8 40. Rxb7 Kh6 41.
Qe3+ Kh7 42. Rff7 Qe5 43. h4 Kh8 44. Qh6+ {Black resigns} 1-0

[Event "Team 45 45 League T85"]
[Site "Internet Chess Club"]
[Date "2020.07.04"]
[Round "1"]
[White "elmaestro"]
[Black "QuieroAprender"]
[Result "1/2-1/2"]
[WhiteElo "1686"]
[BlackElo "1636"]
[Opening "French: advance, Paulsen attack"]
[ECO "C02"]
[Time "21:27:00"]
[TimeControl "2700+45"]

1. d4 e6 2. e4 d5 3. e5 c5 4. c3 Nc6 5. Nf3 Nge7 6. Bd3 cxd4 7. cxd4 Nf5 8. Bxf5
exf5 9. O-O Be7 10. Nc3 Be6 11. Qb3 Qd7 12. Bd2 Na5 13. Qd1 Nc4 14. Bc1 Rc8 15.
Nd2 g5 16. b3 Nxe5 17. Nxd5 Qxd5 18. dxe5 Qxe5 19. Rb1 Qd5 20. Qh5 Rc2 21. Nc4
f4 22. Bb2 O-O 23. Rbd1 Qf5 24. Ba1 Bxc4 25. bxc4 Rxc4 26. Rfe1 Bf6 27. Qe2 Rfc8
28. Bxf6 Qxf6 29. h4 f3 30. Qxf3 Qxf3 31. gxf3 Rxh4 32. Re7 Rb8 33. Rdd7 Rf4 34.
Kg2 h5 35. Rd5 f6 36. Rdd7 {Game drawn by mutual agreement} 1/2-1/2

[Event "Team 45 45 League T85"]
[Site "Internet Chess Club"]
[Date "2020.07.03"]
[Round "1"]
[White "julesraider"]
[Black "unicornbookworm"]
[Result "0-1"]
[WhiteElo "1587"]
[BlackElo "1740"]
[Opening "Grünfeld: modern exchange variation"]
[ECO "D85"]
[Time "19:00:44"]
[TimeControl "2700+45"]

1. d4 Nf6 2. c4 g6 3. Nc3 d5 4. cxd5 Nxd5 5. e4 Nxc3 6. bxc3 Bg7 7. Nf3 c5 8.
Be2 Nc6 9. Rb1 cxd4 10. cxd4 Nxd4 11. Nxd4 Bxd4 12. Bb5+ Kf8 13. Qxd4 Qxd4
{White resigns} 0-1

[Event "Team 45 45 League T85"]
[Site "Internet Chess Club"]
[Date "2020.07.04"]
[Round "1"]
[White "Rybo88"]
[Black "Portola"]
[Result "1/2-1/2"]
[WhiteElo "1482"]
[BlackElo "1697"]
[Opening "French: Tarrasch"]
[ECO "C03"]
[Time "11:00:37"]
[TimeControl "2700+45"]

1. e4 e6 2. d4 d5 3. Nd2 dxe4 4. Nxe4 Be7 5. Nf3 Nd7 6. Bd3 Ngf6 7. Bf4 O-O 8.
Qd2 c5 9. O-O cxd4 10. Nxd4 e5 11. Nf5 exf4 12. Qxf4 Nxe4 13. Bxe4 g6 14. Nh6+
Kg7 15. Ng4 f5 16. Qh6+ Kh8 17. Rad1 fxe4 18. Rfe1 Qe8 19. Rxe4 Qf7 20. Rde1 Bc5
21. Qd2 Qg7 22. b4 Nf6 23. Nxf6 Qxf6 24. bxc5 Bd7 25. Re7 Bc6 26. f3 Rf7 27.
R7e6 Qg7 28. Qd6 Raf8 29. Re7 Rxe7 30. Rxe7 Qf6 31. Qc7 Qd4+ 32. Kf1 Bb5+ 33.
Ke1 Qg1+ 34. Kd2 Qxg2+ 35. Kc1 Qg1+ 36. Kb2 Qd4+ 37. Kb1 Qd1+ 38. Kb2 Qd4+ 39.
Kb1 Qd1+ 40. Kb2 Qd4+ 41. Kb1 {Game drawn by repetition} 1/2-1/2

[Event "Team 45 45 League T85"]
[Site "Internet Chess Club"]
[Date "2020.07.04"]
[Round "1"]
[White "janh"]
[Black "Ajolote"]
[Result "1-0"]
[WhiteElo "1924"]
[BlackElo "1945"]
[Opening "Queen's pawn: Chigorin variation"]
[ECO "D00"]
[Time "19:11:47"]
[TimeControl "2700+45"]

1. d4 d5 2. Nc3 Nf6 3. Bf4 e6 4. Nb5 Na6 5. e3 c6 6. Nc3 c5 7. Nb5 Be7 8. h3 O-O
9. Nf3 Bd7 10. a4 Nb4 11. Ne5 Be8 12. c3 Nc6 13. Be2 Nxe5 14. Bxe5 Bc6 15. O-O
Nd7 16. Bc7 Qc8 17. Bg3 a6 18. Na3 b6 19. Nc2 Qb7 20. Ne1 b5 21. axb5 axb5 22.
dxc5 Nxc5 23. Nf3 Ne4 24. Bh2 Rxa1 25. Qxa1 Ra8 26. Qc1 b4 27. Nd4 Bd7 28. f3
Nc5 29. c4 Rc8 30. b3 Bf6 31. Qb1 g6 32. cxd5 Qxd5 33. Bc4 Qg5 34. Qe1 Bc6 35.
Bd6 Ba8 36. Rf2 Bg7 37. Ra2 e5 38. Bxc5 exd4 39. exd4 Bxf3 40. Qf2 Bd5 41. Rc2
Ra8 42. Kh2 Bh6 43. h4 Qh5 44. Re2 Bf8 {Black resigns} 1-0

[Event "Team 45 45 League T85"]
[Site "Internet Chess Club"]
[Date "2020.07.05"]
[Round "1"]
[White "hipopotamos"]
[Black "ElValero"]
[Result "1-0"]
[WhiteElo "1664"]
[BlackElo "1675"]
[Opening "French: Winawer, advance variation"]
[ECO "C16"]
[Time "14:00:48"]
[TimeControl "2700+45"]

1. e4 e6 2. d4 d5 3. Nc3 Bb4 4. e5 b6 5. Bd2 Ba6 6. Be2 Bxe2 7. Ngxe2 Qd7 8. O-O
Ne7 9. Ng3 c5 10. Qg4 g6 11. a3 h5 12. Qf4 Bxc3 13. Bxc3 c4 14. Qf6 Rg8 15. Rad1
Nbc6 16. f4 Nf5 17. Nxf5 gxf5 18. Qh6 O-O-O 19. Qxh5 Qe7 20. Be1 Rh8 21. Qf3
Rdg8 22. Bg3 Qf8 23. Kf2 f6 24. exf6 Qxf6 25. c3 Rg4 26. Rfe1 Rh5 27. h3 Rxg3
28. Qxg3 Rh4 29. Rxe6 Rxf4+ 30. Qxf4 Qxe6 31. Re1 Qf7 32. g4 Ne7 33. gxf5 Qf6
34. Re6 Qf7 35. Qe5 Qh7 36. Rxe7 Qh4+ 37. Qg3 Qxe7 38. Qg8+ Kb7 39. Qxd5+ Kb8
40. Qe5+ {Black resigns} 1-0

[Event "Team 45 45 League T85"]
[Site "Internet Chess Club"]
[Date "2020.07.06"]
[Round "1"]
[White "andrew37"]
[Black "cayo89"]
[Result "1-0"]
[WhiteElo "1643"]
[BlackElo "1685"]
[Opening "Queen's bishop game"]
[ECO "D02"]
[Time "18:58:12"]
[TimeControl "2700+45"]

1. Nf3 d5 2. d4 Nf6 3. Bf4 Nbd7 4. e3 g6 5. Nc3 a6 6. Be2 Bg7 7. Ne5 O-O 8. h4
c5 9. h5 Qb6 10. a3 cxd4 11. exd4 Nxe5 12. dxe5 Ne4 13. Nxe4 dxe4 14. hxg6 hxg6
15. Qd2 Rd8 16. Qc3 Bf5 17. g4 Rac8 18. Qh3 Qxb2 19. Qh7+ Kf8 20. O-O Be6 21.
Bh6 Bxh6 22. Qh8# {Black checkmated} 1-0

[Event "Team 45 45 League T85"]
[Site "Internet Chess Club"]
[Date "2020.07.02"]
[Round "1"]
[White "fireball"]
[Black "howah45"]
[Result "1-0"]
[WhiteElo "1523"]
[BlackElo "1200"]
[Opening "Scandinavian (center counter) defense"]
[ECO "B01"]
[Time "11:04:13"]
[TimeControl "2700+45"]

1. e4 d5 2. exd5 Qxd5 3. Nf3 Nf6 4. Be2 a6 5. c4 Qd6 6. O-O Nc6 7. d4 Bf5 8. a3
O-O-O 9. d5 Ne5 10. Nc3 Bg4 11. Nxe5 Qxe5 12. Bxg4+ Kb8 13. f4 Qd6 14. Bf3 Qc5+
15. Kh1 Qxc4 16. Be3 e6 17. Be2 Qxe2 18. Qxe2 exd5 19. Rfd1 Be7 20. Bd4 Rhe8 21.
Qf3 Ne4 22. Rac1 c5 23. Bxg7 {Black resigns} 1-0

[Event "Team 45 45 League T85"]
[Site "Internet Chess Club"]
[Date "2020.07.03"]
[Round "1"]
[White "kidcobra"]
[Black "Threehundreds"]
[Result "1-0"]
[WhiteElo "1793"]
[BlackElo "1565"]
[Opening "Evans gambit"]
[ECO "C51"]
[Time "14:09:41"]
[TimeControl "2700+45"]

1. e4 e5 2. Nf3 Nc6 3. Bc4 Bc5 4. b4 Bxb4 5. c3 Bc5 6. d4 exd4 7. cxd4 Bb4+ 8.
Bd2 Bxd2+ 9. Nbxd2 d6 10. O-O Nf6 11. Re1 O-O 12. h3 h6 13. Nf1 Re8 14. Ng3 Na5
15. Bd3 Nc6 16. Rb1 Ne7 17. Qd2 Ng6 18. a4 Rb8 19. Nh2 d5 20. e5 Ne4 21. Nxe4
dxe4 22. Rxe4 Bf5 23. Re3 Bxd3 24. Qxd3 c5 25. dxc5 Rxe5 26. Qxd8+ Rxd8 27. Rxe5
Nxe5 28. Rxb7 Rd1+ 29. Nf1 Nc4 30. c6 Nd2 31. c7 Rxf1+ 32. Kh2 Rc1 33. Rb8+ Kh7
34. c8=Q Nf1+ 35. Kg1 Rxc8 36. Rxc8 Nd2 37. Rc7 a5 38. Rc5 Nb3 39. Rb5 {Black
resigns} 1-0

[Event "Team 45 45 League T85"]
[Site "Internet Chess Club"]
[Date "2020.07.02"]
[Round "1"]
[White "ChessG2011"]
[Black "Manas"]
[Result "0-1"]
[WhiteElo "1511"]
[BlackElo "1710"]
[Opening "Sicilian: dragon, classical attack"]
[ECO "B72"]
[Time "20:00:14"]
[TimeControl "2700+45"]

1. e4 c5 2. Nf3 d6 3. d4 cxd4 4. Nxd4 Nf6 5. Nc3 g6 6. Be2 Bg7 7. Be3 O-O 8. Qd2
Nc6 9. Nxc6 bxc6 10. Bh6 Bxh6 11. Qxh6 Qa5 12. Qd2 Qb4 13. Rb1 Nxe4 14. Nxe4
Qxe4 15. O-O Qe6 16. b3 a5 17. Rfe1 Qd7 18. Qe3 Qc7 19. Bf3 Be6 20. Qc3 Rfc8 21.
Re4 a4 22. Rbe1 axb3 23. axb3 Ra2 24. R4e2 c5 25. Qd3 c4 26. Qe3 Qa5 27. Bb7 Rc7
28. Bf3 Ra1 29. Rxa1 Qxa1+ 30. Re1 Qa5 31. Be2 Qxe1+ 32. Bf1 Qxe3 33. fxe3 cxb3
34. cxb3 Bxb3 35. Kf2 Bd5 36. g3 Be4 37. Bg2 Rc2+ 38. Ke1 Rxg2 39. Kd1 Rxh2 40.
Ke1 Kg7 41. Kf1 Kf6 42. g4 Kg5 43. Kg1 Ra2 44. Kf1 Kxg4 45. Ke1 Kf3 46. Kd1 Kxe3
47. Kc1 Rc2+ 48. Kd1 Re2 49. Kc1 Kd3 50. Kd1 Rc2 51. Ke1 Rd2 52. Kf1 Re2 53. Kg1
Ke3 54. Kf1 Kf3 55. Kg1 Rf2 56. Kh1 Kg3+ 57. Kg1 Rg2+ 58. Kf1 h5 59. Ke1 Kf3 60.
Kf1 h4 61. Ke1 Rf2 62. Kd1 Re2 63. Kc1 Ba8 64. Kd1 Ke3 65. Kc1 Rd2 66. Kb1 Kd3
67. Kc1 Kc3 68. Kb1 Rc2 69. Ka1 Rh2 70. Kb1 Rd2 71. Kc1 Kd3 72. Kb1 Rc2 73. Ka1
Kc3 74. Kb1 Kb3 75. Ka1 Rc1# {White checkmated} 0-1

[Event "Team 45 45 League T85"]
[Site "Internet Chess Club"]
[Date "2020.07.01"]
[Round "1"]
[White "buptwy"]
[Black "KidRattler"]
[Result "0-1"]
[WhiteElo "1319"]
[BlackElo "1726"]
[Opening "Scandinavian (center counter) defense"]
[ECO "B01"]
[Time "16:00:14"]
[TimeControl "2700+45"]

1. e4 d5 2. exd5 Qxd5 3. Nc3 Qa5 4. Nf3 c6 5. Bc4 e6 6. O-O Nf6 7. a3 Qc7 8. b4
Nbd7 9. Bb2 Bd6 10. Re1 Nb6 11. Bb3 Bd7 12. d3 Nbd5 13. Qd2 O-O-O 14. Rad1 h6
15. Ne2 Rhe8 16. c4 Nf4 17. c5 Nxe2+ 18. Qxe2 Bf4 19. g3 Nd5 20. gxf4 Qxf4 21.
Be5 Qg4+ 22. Bg3 f6 23. Ne5 Qxe2 24. Rxe2 fxe5 25. Rxe5 g5 26. Ra1 Rf8 27. a4
Rde8 28. b5 Rf5 29. bxc6 Bxc6 30. a5 a6 31. Rae1 Kd7 32. Bc4 h5 33. Bb3 Rxe5 34.
Rxe5 h4 35. Rxg5 hxg3 36. hxg3 Rh8 37. Rg7+ Kd8 38. f4 Nb4 39. d4 Nd3 40. Kf1
Bf3 41. Bxe6 Rh1# {White checkmated} 0-1

[Event "Team 45 45 League T85"]
[Site "Internet Chess Club"]
[Date "2020.07.05"]
[Round "1"]
[White "MarcB"]
[Black "janh"]
[Result "1/2-1/2"]
[WhiteElo "1893"]
[BlackElo "1922"]
[Opening "Queen's pawn game"]
[ECO "D02"]
[Time "19:34:24"]
[TimeControl "2700+45"]

1. d4 d5 2. Nf3 c6 3. g3 Bg4 4. Bg2 Nd7 5. O-O e6 6. Nbd2 Ngf6 7. c4 Bd6 8. h3
Bh5 9. Re1 O-O 10. e4 dxe4 11. Nxe4 Nxe4 {Game drawn by mutual agreement}
1/2-1/2

[Event "Team 45 45 League T85"]
[Site "Internet Chess Club"]
[Date "2020.07.02"]
[Round "1"]
[White "primerpaso"]
[Black "Ajolote"]
[Result "0-1"]
[WhiteElo "1819"]
[BlackElo "1964"]
[Opening "English opening"]
[ECO "A13"]
[Time "13:05:36"]
[TimeControl "2700+45"]

1. c4 e6 2. Nc3 d5 3. cxd5 exd5 4. d4 c6 5. Nf3 Nf6 6. g3 Be7 7. Bg2 O-O 8. O-O
Bf5 9. Bf4 Nbd7 10. Rc1 Ne4 11. Nxe4 Bxe4 12. Qd2 a5 13. Rfd1 Nb6 14. b3 Bb4 15.
Qb2 Qe7 16. Ra1 a4 17. a3 Ba5 18. b4 Nc4 19. Qc3 Bb6 20. Nd2 Nxd2 21. Rxd2 Bxg2
22. Kxg2 g5 23. Qe3 Bd8 24. Qxe7 Bxe7 25. Be3 f5 26. Rd3 f4 27. Bd2 Bd6 28. Rb1
Rae8 29. Kf1 fxg3 30. hxg3 h6 31. Ke1 Re4 32. Be3 Rfe8 33. Kd2 h5 34. Rh1 h4 35.
gxh4 gxh4 36. Rh3 Kf7 37. Rc3 Kg6 38. Rf3 Rf8 39. Rh3 Kh5 40. Rc1 Bf4 41. Rg1
Bxe3+ 42. fxe3 Rg4 43. Rgh1 Rf2 44. Kd3 Kg5 45. Kd2 Rgg2 46. Re1 Kg4 47. Rhh1 h3
48. Kd3 h2 49. Kd2 b5 50. Kd3 Kh3 51. Kd2 Rf6 52. Rc1 Rfg6 53. Rcf1 Rg1 54. Rf3+
Kg2 {White resigns} 0-1

[Event "Team 45 45 League T85"]
[Site "Internet Chess Club"]
[Date "2020.07.04"]
[Round "1"]
[White "JPSVI"]
[Black "ANGELLR"]
[Result "1/2-1/2"]
[WhiteElo "1763"]
[BlackElo "1766"]
[Opening "Van't Kruijs opening"]
[ECO "A00"]
[Time "19:00:44"]
[TimeControl "2700+45"]

1. e3 d5 2. f4 c5 3. Nf3 a6 4. g3 Nc6 5. Bg2 f6 6. O-O Bg4 7. d3 e6 8. h3 Bh5 9.
Qe1 Bd6 10. Nc3 Nge7 11. b3 O-O 12. Bb2 b5 13. e4 d4 14. Ne2 Rc8 15. a4 Qd7 16.
axb5 axb5 17. g4 Bf7 18. Qd2 Ng6 19. Ra6 Qc7 20. e5 fxe5 21. fxe5 Ngxe5 22. Nxe5
Nxe5 23. Qa5 Qxa5 24. Rxa5 Be8 25. Bc1 Rxf1+ 26. Kxf1 Nf7 27. Nf4 Nd8 28. Ra6
Bxf4 29. Bxf4 Bc6 30. Bxc6 Nxc6 31. Bd6 Nb4 32. Ra5 Nxc2 33. Rxb5 Nb4 34. Ke2
Nd5 35. Rxc5 Rxc5 36. Bxc5 Nf4+ 37. Kd2 e5 38. b4 Kf7 39. h4 Ke6 40. h5 Kd5 41.
Ba7 g6 42. hxg6 hxg6 43. b5 Ne6 44. b6 Kc6 45. Bb8 Kxb6 46. Bxe5 Kc5 47. Ke2 Kd5
48. Bf6 Nc5 49. g5 Nd7 50. Kf3 Ne5+ 51. Bxe5 Kxe5 52. Kg4 Ke6 53. Kf4 Kd5 54.
Kf3 Ke5 55. Kg4 Ke6 56. Kf4 Kd5 57. Kf3 Ke5 58. Kg4 Kd6 59. Kf4 Kd5 60. Kf3 Ke5
61. Kg4 Kd6 62. Kf4 {Game drawn by mutual agreement} 1/2-1/2

[Event "Team 45 45 League T85"]
[Site "Internet Chess Club"]
[Date "2020.07.04"]
[Round "1"]
[White "ElValero"]
[Black "cayo89"]
[Result "0-1"]
[WhiteElo "1693"]
[BlackElo "1705"]
[Opening "QGD: 4.Nf3"]
[ECO "D37"]
[Time "09:17:09"]
[TimeControl "2700+45"]

1. Nf3 e6 2. d4 d5 3. c4 Nf6 4. Nc3 Be7 5. cxd5 exd5 6. Bg5 h6 7. Bh4 Nbd7 8. e3
c6 9. Bd3 O-O 10. Qc2 Re8 11. O-O Ne4 12. Nxe4 dxe4 13. Bxe4 Bxh4 14. Nxh4 Qxh4
15. Bf3 Nf6 16. g3 Qg5 17. h4 Qf5 18. Qe2 Be6 19. e4 Qg6 20. h5 Qg5 21. Rac1
Rad8 22. Rc5 Bd5 23. Re1 b6 24. Rc3 Nxe4 25. Re3 f5 26. Bg2 Nf6 27. Bxd5+ cxd5
28. Re5 Ne4 29. Qf3 Rxe5 30. dxe5 Re8 31. Qb3 Qd2 32. Rf1 Qd4 33. e6 Rxe6 34.
Qb5 Re7 35. Kg2 Qc5 36. Qb3 Nd2 {White resigns} 0-1

[Event "Team 45 45 League T85"]
[Site "Internet Chess Club"]
[Date "2020.07.05"]
[Round "1"]
[White "Eigeneier"]
[Black "Sloggi"]
[Result "1-0"]
[WhiteElo "1945"]
[BlackElo "1982"]
[Opening "QGD Slav: 4.e3"]
[ECO "D11"]
[Time "18:04:06"]
[TimeControl "2700+45"]

1. d4 d5 2. Nf3 Nf6 3. c4 c6 4. e3 a6 5. c5 Nbd7 6. b4 g6 7. Bb2 Bg7 8. Be2 O-O
9. Nbd2 Re8 10. O-O Nf8 11. a4 N6d7 12. b5 Nxc5 13. bxc6 bxc6 14. Rc1 Ncd7 15.
Rxc6 Bb7 16. Rc2 Qa5 17. Qa1 Rec8 18. Rfc1 Rxc2 19. Rxc2 Rc8 20. Rxc8 Bxc8 21.
Qa3 Ne6 22. Qxe7 Bf8 23. Qe8 Qc7 24. a5 Qd8 25. Qxd8 Nxd8 26. Bc3 Nc6 27. Nb3
Bd6 28. Nfd2 Bb4 29. Bxb4 Nxb4 30. f3 Bb7 31. Kf2 f5 32. Nb1 Kf7 33. Nc3 Ke6 34.
Na4 Kd6 35. Ke1 Bc8 36. Kd2 h6 37. Kc3 Na2+ 38. Kb2 Nb4 39. Nac5 Nb8 40. e4 fxe4
41. fxe4 dxe4 42. Nxe4+ Ke7 43. Bf3 Be6 44. Nec5 Bd5 45. Nd2 N8c6 46. Bxd5 Nxd5
47. Nc4 Nc7 48. d5 Nxd5 49. Nxa6 Kf6 50. Nc5 h5 51. a6 h4 52. Kc2 g5 53. Kd2 g4
54. Ne3 Nf4 55. Nxg4+ Kg5 56. Ne3 h3 57. Ne4+ Kh5 58. g3 Ne6 59. Kc3 Nc7 60. Nc5
Ne5 61. Kd4 Nf3+ 62. Ke4 Nd2+ 63. Kf4 Na8 64. g4+ Kg6 65. Ne4 Nb3 66. Kg3 Nc7
67. a7 Nd4 68. Nd5 Na8 69. Nd6 Kg5 70. Kxh3 Nc6 71. Nb5 {Black resigns} 1-0

[Event "Team 45 45 League T85"]
[Site "Internet Chess Club"]
[Date "2020.07.03"]
[Round "1"]
[White "Tufnell"]
[Black "filmdirector"]
[Result "1-0"]
[WhiteElo "1844"]
[BlackElo "1632"]
[Opening "Ruy Lopez: Caro variation"]
[ECO "C70"]
[Time "15:00:44"]
[TimeControl "2700+45"]

1. e4 e5 2. Nf3 Nc6 3. Bb5 a6 4. Ba4 b5 5. Bb3 Nf6 6. O-O Bc5 7. a4 Bb7 8. d3 h6
9. Nc3 b4 10. Nd5 d6 11. a5 O-O 12. Be3 Bxe3 13. fxe3 Ng4 14. Qe1 Ne7 15. Nxe7+
Qxe7 16. h3 Nf6 17. Qxb4 Rab8 18. Qd2 d5 19. exd5 Bxd5 20. Bxd5 Nxd5 21. c3 e4
22. Nd4 exd3 23. Nc6 Qxe3+ 24. Qxe3 Nxe3 25. Nxb8 Nxf1 26. Nxa6 Ne3 27. Kf2 Re8
28. Nxc7 Re7 29. a6 Rxc7 30. Kxe3 Ra7 31. b4 Kf8 32. b5 Ke7 33. b6 Ra8 34. a7
Kd7 35. b7 Rxa7 36. Rxa7 Kc7 37. b8=Q+ Kxb8 38. Rxf7 g5 39. Kxd3 Kc8 {Black
resigns} 1-0

[Event "Team 45 45 League T85"]
[Site "Internet Chess Club"]
[Date "2020.07.03"]
[Round "1"]
[White "baron1962"]
[Black "room-matt"]
[Result "0-1"]
[WhiteElo "1478"]
[BlackElo "1794"]
[Opening "Nimzovich-Larsen attack: Indian variation"]
[ECO "A01"]
[Time "13:00:58"]
[TimeControl "2700+45"]

1. b3 Nf6 2. Bb2 d5 3. Nf3 Nc6 4. e3 e6 5. d4 Bd6 6. Nbd2 O-O 7. c4 Bb4 8. a3
Be7 9. Bd3 b6 10. O-O Bb7 11. Qc2 h6 12. Rad1 Nb8 13. e4 dxe4 14. Nxe4 Nbd7 15.
Ne5 c5 16. Nxf6+ Nxf6 17. dxc5 Qc7 18. cxb6 axb6 19. Rfe1 Bxa3 20. f3 Bc5+ 21.
Kf1 Ra2 22. Qc3 Rfa8 23. Ng4 Rxb2 24. Nxf6+ gxf6 25. Qxb2 Qxh2 26. Rb1 Qg1+ 27.
Ke2 Qxg2+ 28. Kd1 Bxf3+ 29. Be2 Rd8+ 30. Kc2 Be4+ {White resigns} 0-1

[Event "Team 45 45 League T85"]
[Site "Internet Chess Club"]
[Date "2020.07.06"]
[Round "1"]
[White "ChessPlayer2005"]
[Black "KidRattler"]
[Result "1-0"]
[WhiteElo "1732"]
[BlackElo "1688"]
[Opening "Scandinavian (center counter) defense"]
[ECO "B01"]
[Time "14:00:57"]
[TimeControl "2700+45"]

1. e4 d5 2. exd5 Qxd5 3. Nc3 Qd8 4. Nf3 Nf6 5. Bc4 a6 6. d3 e6 7. h3 c5 8. Bf4
Nc6 9. O-O Be7 10. Ne2 b5 11. Bb3 Bb7 12. Ng3 h6 13. Re1 Na5 14. Qe2 Nxb3 15.
axb3 Bxf3 16. Qxf3 Qd5 17. Ne4 Nxe4 18. dxe4 Qc6 19. Qc3 f6 20. Rad1 O-O 21. Qg3
g5 22. Bd6 Qe8 23. Qg4 Qf7 24. Rd3 Rad8 25. Red1 Kg7 26. Kf1 h5 27. Qf3 Kg6 28.
Qe3 c4 29. bxc4 bxc4 30. Rd4 Bxd6 31. Rxd6 Qe7 32. Qb6 Rxd6 33. Rxd6 e5 34. Qxa6
Rd8 35. Rxd8 Qxd8 36. Ke2 Qd4 37. Qc6 Kg7 38. Qd5 Qxb2 39. Qxc4 Qc1 40. Qd3 Kg6
41. Qb3 Kg7 42. c4 Qa1 43. Qc2 g4 44. hxg4 hxg4 45. c5 Qa6+ 46. Kd2 Kf7 47. c6
Qa5+ 48. Qc3 Qc7 49. Qc5 Ke6 50. Kc3 Qd6 51. Kc4 Qc7 52. Kb5 f5 53. Qd5+ Kf6 54.
Qd7 Qxd7 55. cxd7 Ke7 56. Kc6 Kd8 57. exf5 g3 58. f3 Ke7 59. Kc7 Kf6 60. d8=Q+
Kxf5 61. Qf8+ Kg5 62. Kd6 Kg6 63. Ke6 Kh7 64. Kf6 e4 65. Qg7# {Black checkmated}
1-0

[Event "Team 45 45 League T85"]
[Site "Internet Chess Club"]
[Date "2020.07.02"]
[Round "1"]
[White "QuieroAprender"]
[Black "Yedixon"]
[Result "1-0"]
[WhiteElo "1634"]
[BlackElo "1594"]
[Opening "Queen's Pawn"]
[ECO "A41"]
[Time "21:00:53"]
[TimeControl "2700+45"]

1. d4 d6 2. Bf4 Nf6 3. e3 Nbd7 4. Nf3 Nh5 5. Bg3 Nxg3 6. hxg3 e5 7. Bd3 h6 8.
Nbd2 Qe7 9. c3 d5 10. dxe5 Nxe5 11. Nxe5 Qxe5 12. Nf3 Qf6 13. Qa4+ c6 14. Rh4
Bd6 15. O-O-O g5 16. Rhh1 g4 17. Nd4 Qxf2 18. Nxc6 Bd7 19. Qd4 Rf8 20. Nxa7 Bb8
21. Nb5 Rxa2 22. Rd2 Qxg3 23. Qxd5 Ra1+ 24. Bb1 {Black resigns} 1-0

[Event "Team 45 45 League T85"]
[Site "Internet Chess Club"]
[Date "2020.07.01"]
[Round "1"]
[White "ascoli"]
[Black "kabindra"]
[Result "1/2-1/2"]
[WhiteElo "1581"]
[BlackElo "1672"]
[Opening "Réti: King's Indian attack (Barcza system)"]
[ECO "A07"]
[Time "16:00:18"]
[TimeControl "2700+45"]

1. Nf3 d5 2. g3 Bf5 3. Bg2 c5 4. O-O Nc6 5. d3 Qd7 6. Nbd2 Nf6 7. Re1 Bh3 8. e4
d4 9. e5 Nd5 10. Bh1 h5 11. Ng5 h4 12. Nxf7 Kxf7 13. Qf3+ Qf5 14. Qxd5+ Ke8 15.
Be4 Qe6 16. Qxc5 hxg3 17. fxg3 Bf5 18. Bxc6+ bxc6 19. Qxd4 Rd8 20. Qc4 Rd5 21.
Nf3 Qd7 22. Be3 e6 23. Qa6 c5 24. Bf4 Kf7 25. Ng5+ Kg8 26. Ne4 Qf7 27. Nd6 Qh5
28. h4 Qg4 29. Nxf5 Qxf5 30. Re2 Qg4 31. Rg2 c4 32. Qxc4 Bc5+ 33. Kh1 Bb6 34. c3
g5 35. Bxg5 Qxg5 36. Qc8+ Kg7 37. Qxe6 Rxe5 38. Qd7+ Re7 39. Qc6 Re3 40. Qb7+
Re7 41. Qf3 Rf7 42. Qe4 Re7 43. Qf4 Qg6 44. Rf1 Bc7 45. Qf5 Qxf5 46. Rxf5 Re1+
47. Rg1 Re3 48. d4 Re2 49. Rg5+ Kh6 50. Rf1 Bd8 51. Rb5 Bc7 52. g4 Rh2+ 53. Kg1
Rxh4 54. g5+ Kh5 55. Rf6 Rg4+ 56. Kf2 Rxg5 57. Rxg5+ Kxg5 58. Rf7 Bb6 59. Ke3
Rh2 60. Rf2 Rxf2 61. Kxf2 Kf4 62. Ke2 Ke4 63. Kd2 Bc7 64. Kc2 Ke3 65. Kb3 Kd3
66. a4 a5 67. Ka3 Kc2 68. c4 Kd3 69. b4 Kxc4 {Game drawn by mutual agreement}
1/2-1/2

[Event "Team 45 45 League T85"]
[Site "Internet Chess Club"]
[Date "2020.07.04"]
[Round "1"]
[White "VictorRed"]
[Black "danielcao"]
[Result "1-0"]
[WhiteElo "1555"]
[BlackElo "1370"]
[Opening "King's Indian: fianchetto without c4"]
[ECO "A49"]
[Time "21:34:55"]
[TimeControl "2700+45"]

1. d4 Nf6 2. Nf3 g6 3. g3 d5 4. Bg2 Bg7 5. O-O O-O 6. Nc3 Nc6 7. Re1 Bf5 8. Nh4
Bd7 9. Nxd5 Nxd5 10. Bxd5 Be8 11. Bxc6 Bxc6 12. c3 Qd5 13. e4 Qd7 14. Ng2 Qh3
15. Nf4 Qd7 16. Nd3 Rad8 17. Nc5 Qc8 18. Qb3 b6 19. Nd3 Ba8 20. Bg5 Rfe8 21. Qa3
a5 22. Rad1 Qg4 23. Bf4 Rd7 24. d5 Rdd8 25. Bxc7 Rc8 26. Bxb6 Rb8 27. Qxa5 Bb7
28. a3 Bc8 29. Bc7 Rb7 30. Nc5 Rxb2 31. Nd3 Ra2 32. c4 Qf3 33. Rd2 Bh3 34. Nf4
Bh6 35. Nxh3 Bxd2 36. Qa4 Rf8 37. Qd1 Qxa3 38. Rf1 Rc8 39. Bf4 Bxf4 40. Nxf4
Rxc4 41. e5 Re4 42. Qb1 Rb2 43. Qxe4 Rb4 44. Qd3 Qxd3 45. Nxd3 Rd4 46. Rd1 Rxd5
47. f4 e6 48. Kf2 Kg7 49. Ke3 Kh6 50. g4 g5 51. f5 Kg7 52. Rf1 h6 53. Ke4 Ra5
54. h3 Ra4+ 55. Ke3 Ra5 56. fxe6 fxe6 57. Rf6 Ra6 58. Kd4 Ra4+ 59. Kc3 Ra3+ 60.
Kc4 Ra4+ 61. Kb3 Ra6 62. Nc5 Rb6+ 63. Kc4 Rc6 64. Rxe6 Rxe6 65. Nxe6+ Kf7 66.
Kd5 Ke7 67. Ng7 Kf7 68. Nf5 Ke8 69. Nxh6 Kd7 70. e6+ Ke7 71. Nf7 Ke8 72. Nxg5
Ke7 73. h4 Kf6 74. Kd6 Kg7 75. Kd7 Kf8 76. Nf3 Kg7 77. e7 Kf7 78. h5 Kf6 79.
e8=Q Kg7 80. Ke6 Kh6 81. Qg6# {Black checkmated} 1-0

[Event "Team 45 45 League T85"]
[Site "Internet Chess Club"]
[Date "2020.07.05"]
[Round "1"]
[White "dabodhi"]
[Black "Toalla"]
[Result "1-0"]
[WhiteElo "1338"]
[BlackElo "1165"]
[Opening "Sicilian: Nimzovich-Rossolimo attack (without ...d6)"]
[ECO "B30"]
[Time "15:11:19"]
[TimeControl "2700+45"]

1. e4 c5 2. Nf3 Nc6 3. Bb5 a6 4. Bxc6 bxc6 5. O-O d6 6. Na3 g6 7. Nc4 Bg7 8. Rb1
Nf6 9. d3 h6 10. h3 O-O 11. Bd2 Nd7 12. Ba5 Qe8 13. Re1 Bb7 14. e5 dxe5 15.
Nfxe5 Bxe5 16. Nxe5 Nf6 17. Qd2 Kh7 18. c4 Bc8 19. Re3 Rg8 20. Rbe1 Nh5 21. Rf3
Be6 22. Qe2 Rg7 23. Qe4 Bf5 24. Rxf5 gxf5 25. Qxf5+ Kh8 26. Qxh5 Kh7 27. Bd2
Rxg2+ 28. Kxg2 Qg8+ 29. Kf1 Qg7 30. Re3 Qf6 31. Qxf7+ Qxf7 32. Nxf7 {Black
resigns} 1-0

[Event "Team 45 45 League T85"]
[Site "Internet Chess Club"]
[Date "2020.07.01"]
[Round "1"]
[White "cayo89"]
[Black "Gojira"]
[Result "1-0"]
[WhiteElo "1688"]
[BlackElo "1627"]
[Opening "Sicilian defense"]
[ECO "B20"]
[Time "21:00:27"]
[TimeControl "2700+45"]

1. e4 c5 2. b3 d6 3. Bb2 e6 4. Nf3 Nf6 5. Bb5+ Nbd7 6. Nc3 a6 7. Bxd7+ Bxd7 8.
d4 Qa5 9. O-O cxd4 10. Qxd4 Rc8 11. Rfe1 Qc5 12. Qd3 Ng4 13. Re2 b5 14. h3 b4
15. Na4 Qa5 16. c4 Nh6 17. e5 d5 18. cxd5 Bb5 19. Qd2 Bxe2 20. Qxe2 Qxd5 21. Nb6
Qb7 22. Nxc8 Qxc8 23. Rc1 Qb7 24. Qc4 Be7 25. Qc8+ Qxc8 26. Rxc8+ Bd8 27. Ra8 a5
28. Nd4 Kd7 29. Nb5 Kc6 30. Nd6 Rg8 31. Bc1 f6 32. Bxh6 gxh6 33. Nf7 Kd7 34.
exf6 Rf8 35. Nxd8 Rxd8 36. Rxa5 {Black resigns} 1-0